 Dungeon Crawl Stone Soup version 0.22.1-2-g9c5b331383 (webtiles) character file.

171460 Cykl0x the Severer (level 17, 0/264 HPs)
             Began as a Minotaur Berserker on Dec 21, 2018.
             Was a High Priest of Trog.
             Killed by vampiric draining
             ... invoked by Jory
              (21 damage)
             ... on level 3 of the Depths on Dec 22, 2018.
             The game lasted 01:47:51 (24680 turns).

Cykl0x the Severer (Minotaur Berserker)            Turns: 24680, Time: 01:47:52

Health: 0/264      AC: 31    Str: 37    XL:     17   Next: 39%
Magic:  5/5        EV: 12    Int:  4    God:    Trog [*****.]
Gold:   1540       SH:  3    Dex: 13    Spells: 16/16 levels left

rFire    + + +     SeeInvis +   l - +8 broad axe (antimagic)
rCold    + + .     Gourm    .   (no shield)
rNeg     . . .     Faith    .   S - +2 crystal plate armour
rPois    .         Spirit   .   y - +1 hat {SInv}
rElec    .         Reflect  +   O - scarf {rC+ rF+}
rCorr    .         Harm     .   D - +0 pair of gloves
MR       +++..                  V - +0 pair of boots
Stlth    ..........             X - +3 amulet of reflection
HPRegen  1.54/turn              R - +4 ring of strength
MPRegen  0.09/turn              Z - ring "Zuqaod" {rF++ rC+ Str+2}

@: berserking, regenerating, very quick
A: retaliatory headbutt, horns 2, repulsion field 1, thin metallic scales 1,
robust 1
a: Berserk, Trog's Hand, Brothers in Arms, Renounce Religion


You were on level 3 of the Depths.
You worshipped Trog.
Trog was extremely pleased with you.
You were very hungry.

You visited 3 branches of the dungeon, and saw 24 of its levels.
You also visited: Labyrinth and Ossuary.

You collected 2117 gold pieces.
You spent 577 gold pieces at shops.

Inventory:

Hand Weapons
 l - a +8 antimagic broad axe (weapon)
 r - a +1 war axe of flaming
Missiles
 W - 14 poisoned javelins (quivered)
Armour
 t - a +2 large shield
 y - a +1 hat of see invisible (worn)
 D - a +0 pair of gloves (worn)
 O - a scarf of resistance (worn)
 S - a +2 crystal plate armour (worn)
 V - a +0 pair of boots (worn)
Jewellery
 d - an uncursed ring of positive energy
 s - an uncursed ring of stealth
 H - an uncursed amulet of regeneration
 R - a +4 ring of strength (left hand)
 X - a +3 amulet of reflection (around neck)
 Z - the ring "Zuqaod" (right hand) {rF++ rC+ Str+2}
   (You found it on level 5 of the Lair of Beasts)

   [ring of protection from cold]

   It affects your strength (+2).
   It greatly protects you from fire.
   It protects you from cold.
Wands
 b - a wand of polymorph (26)
 i - a wand of digging (13)
 k - a wand of iceblast (37)
 m - a wand of flame (106)
 z - a wand of acid (16)
 C - a wand of clouds (8)
 J - a wand of paralysis (108)
 L - a wand of enslavement (15)
Scrolls
 e - 3 scrolls of blinking
 f - 6 scrolls of fog
 u - 6 scrolls of teleportation
 v - 12 scrolls of remove curse
 B - 3 scrolls of immolation
 G - 9 scrolls of identify
 I - 2 scrolls of fear
 N - 2 scrolls of magic mapping
Potions
 a - 5 potions of might
 g - 9 potions of curing
 h - 3 potions of berserk rage
 j - 2 potions of lignification
 n - a potion of heal wounds
 o - 3 potions of cancellation
 p - 4 potions of agility
 q - 6 potions of mutation
 w - a potion of brilliance
 A - 2 potions of resistance
 E - a potion of magic
 M - a potion of haste
 P - 6 potions of flight
 U - 2 potions of invisibility
Miscellaneous
 Q - a lightning rod (4/4)
 T - a phantom mirror
 Y - a sack of spiders
Comestibles
 c - 46 rations


   Skills:
 + Level 16.6 Fighting
 + Level 20.3 Axes
 + Level 3.3 Throwing
 + Level 14.4 Armour
 + Level 5.4 Dodging
 + Level 3.3 Stealth
 + Level 19.3 Shields
 + Level 0.3 Evocations


You had 16 spell levels left.
You didn't know any spells.
Your spell library was empty.

Dungeon Overview and Level Annotations

Branches:
Dungeon (15/15)            Temple (0/1) D:5            Lair (6/6) D:8
 Shoals (0/4) Lair:3       Spider (0/4) Lair:3        Slime (0/5) Lair:5
    Orc (0/2) D:12         Vaults (0/5) D:13         Depths (3/5) D:15

Altars:
Ashenzari
Dithmenos
Hepliaklqana
Makhleb
Ru
Sif Muna
Uskayaw
Wu Jian
Xom
Yredelemnul
Zin
The Shining One
Beogh
Jiyva

Shops:
D:4 *   D:12 ?   D:13 (   D:15 (   Depths:3 *}?

Portals:
Hell: Depths:1 Depths:2
Abyss: Depths:1
Ziggurat: Depths:2

Annotations:
D:11 1 runed door
D:15 exclusion: Roxanne, Roxanne
Lair:1 3 runed doors, Alaguw's ghost, journeyman MiFi
Depths:1 1 runed door, zuik's ghost, adept HOFi
Depths:3 Jory; Xtahua


Innate Abilities, Weirdness & Mutations

You reflexively headbutt those who attack you in melee.
You have a pair of horns on your head.
You are surrounded by a mild repulsion field. (EV +2)
You are partially covered in thin metallic scales. (AC +2)
You are robust. (+10% HP)


Message History

Jory draws life force from you and is healed!
The stone giant hits you but does no damage.
You slash the stone giant!
The stone giant is heavily wounded.
You completely miss Jory. You slice the stone giant!!
You headbutt the stone giant!
You feel the power of Trog in you as your rage grows.
You kill the stone giant!
Trog accepts your kill.
You hit Jory.
Jory's magic leaks into the air.
Jory drinks a potion.
Jory is healed!
Things that are here:
an enchanted whip; a robe; a stone giant corpse You feel a strong urge to attack something.
You slice Jory!!
Jory's magic leaks into the air.
Your headbutt misses Jory.
Jory is severely damaged.
You slice Jory!!
Jory's magic leaks into the air.
Jory is almost destroyed.
Jory is infused with unholy energy.
You die...

#...................≈≈......
#...≈≈..#...........≈≈......
#.......##..................
#...##........##.#.≈≈≈≈≈...
##.###..........##...≈....
#..#..(..................
###.#.....................
#...<)..........[.........
###.).).....(V@...........
##.......................
#.............#..........
###...........#........).
#....!..#..............
#.......#.............#
#.....##............###
#....####.....#.#..## ##.(##
##.#########


You could see Jory.

Vanquished Creatures
  Nikola (Depths:2)
  A lich (Depths:2)
  Asterion (Depths:1)
  Gastronok (D:11)
  Frances (D:14)
  Kirke (Lair:4)
  A tengu reaver (Depths:2)
  2 frost giants
  2 fire giants
  A deep elf elementalist (Depths:2)
  7 very ugly things (Depths:2)
  8 stone giants
  A vampire knight (Depths:2)
  Azrael (D:15)
  A minotaur (Lab)
  2 spark wasps (Depths:2)
  Snorg (Lair:5)
  4 ettins
  A yaktaur captain (Depths:2)
  7 fire dragons
  2 great orbs of eyes
  6 ice dragons
  Fannar (D:11)
  2 rakshasas
  4 vault guards (D:13)
  8 hydras
  A catoblepas (Lair:6)
  20 two-headed ogres
  The ghost of bjornmisha the Fighter, a novice MiFi of Uskayaw (D:8)
  4 centaur warriors
  6 ogre magi
  3 tengu warriors
  2 vampire magi
  3 deep troll earth magi (Depths:2)
  4 deep troll shamans
  2 spriggan berserkers (Depths:2)
  3 death yaks (Lair:6)
  Sonja (D:11)
  An iron troll (Depths:1)
  4 skeletal warriors (D:14)
  A fire crab (shapeshifter) (D:14)
  A storm dragon skeleton (Depths:2)
  A glowing orange brain (Depths:2)
  A wizard (D:15)
  4 unseen horrors
  4 deep trolls
  A lindwurm (Lair:6)
  A necromancer (Depths:2)
  An orc knight (D:15)
  28 ugly things
  4 deep elf magi
  A mana viper (shapeshifter) (D:14)
  4 cyclopes
  3 manticores
  A cyclops (shapeshifter) (Depths:1)
  A salamander (Depths:1)
  6 elephants
  2 naga magi (D:15)
  7 black mambas
  A gargoyle (D:14)
  A fire giant skeleton (Depths:2)
  4 yaktaurs
  8 spiny frogs
  3 rime drakes
  A minotaur zombie (Lab)
  9 komodo dragons
  An efreet (D:14)
  An ice devil (Depths:1)
  5 trolls
  A kobold demonologist (D:15)
  4 tengu conjurers
  A queen bee (D:11)
  6 jumping spiders (Lair:3)
  A polar bear (Lair:6)
  An ettin zombie (Depths:3)
  A hornet (D:13)
  4 blink frogs (Lair:4)
  10 dream sheep (Lair:6)
  8 slime creatures
  A frost giant simulacrum (Depths:2)
  9 hippogriffs
  A fire giant simulacrum (Depths:2)
  A water elemental (Depths:3)
  2 redbacks (Lair:3)
  A shadow (D:13)
  6 wyverns
  Eustachio (D:5)
  7 fire elementals (D:15)
  A hog (Lair:4)
  A basilisk (Lair:3)
  29 yaks
  A vampire (D:12)
  A wraith (D:14)
  8 large abominations (Depths:1)
  A hungry ghost (D:12)
  6 vampire mosquitoes
  3 chaos spawn
  A soldier ant (D:15)
  A warg (D:15)
  An acid dragon (D:12)
  9 water moccasins
  A hell hound (D:15)
  5 porcupines
  8 ice beasts
  9 orc warriors
  2 black bears
  2 phantoms
  5 sky beasts
  3 small abominations (Depths:1)
  2 boggarts (Depths:3)
  2 eyes of draining
  14 ogres
  10 crocodiles
  18 centaurs
  17 wolves
  A gnoll sergeant (D:10)
  2 big kobolds
  15 bullfrogs
  A wyvern zombie (D:10)
  3 water moccasin zombies (Ossuary)
  A scorpion (D:7)
  A wyvern skeleton (D:13)
  27 killer bees
  4 wights
  2 howler monkeys
  8 crimson imps
  5 centaur zombies
  A bullfrog zombie (D:10)
  12 orc wizards
  6 centaur skeletons
  3 jellies
  3 bullfrog skeletons
  5 orc priests
  3 hounds
  8 iguanas
  Jessica (D:3)
  8 worker ants
  Ijyb (D:3)
  Terence (D:3)
  2 big kobold zombies (Ossuary)
  2 hound skeletons
  2 mummies (Ossuary)
  2 worker ant zombies
  8 gnolls
  12 adders
  6 shadow imps
  An ooze (D:3)
  8 adder zombies
  An adder skeleton (D:8)
  2 worms
  3 dart slugs
  6 leopard geckos
  36 orcs
  3 ball pythons
  7 bats
  8 giant cockroaches
  5 goblins
  10 hobgoblins
  9 jackals
  6 kobolds
  4 quokkas
  5 frilled lizards
  5 hobgoblin zombies
  2 kobold zombies (Ossuary)
  4 leopard gecko skeletons
  A leopard gecko zombie (D:8)
  10 orc zombies (Ossuary)
  2 quokka zombies (D:5)
  9 rats
  5 fungi
  A plant (Lair:5)
765 creatures vanquished.

Vanquished Creatures (others)
  A tengu warrior (Depths:2)
  An ugly thing (Depths:2)
  3 yaktaurs
  A tengu conjurer (Depths:2)
  Sigmund (D:3)
  A fungus (Lair:6)
  2 plants (Lair:6)
  2 withered plants (Depths:1)
12 creatures vanquished.

Grand Total: 777 creatures vanquished

Notes
Turn   | Place    | Note
-------+----------+-------------------------------------------
     0 | D:1      | Cykl0x the Minotaur Berserker began the quest for the Orb.
     0 | D:1      | Reached XP level 1. HP: 19/19 MP: 0/0
   179 | D:1      | Reached XP level 2. HP: 18/27 MP: 1/1
   179 | D:1      | Reached skill level 4 in Axes
   701 | D:2      | Reached ** piety under Trog
   766 | D:2      | Reached XP level 3. HP: 20/33 MP: 2/2
  1524 | D:3      | Noticed Sigmund
  1525 | D:3      | Noticed Ijyb
  1533 | D:3      | Killed Sigmund
  1533 | D:3      | Reached skill level 5 in Fighting
  1533 | D:3      | Reached skill level 5 in Axes
  1533 | D:3      | Reached skill level 1 in Throwing
  1533 | D:3      | Reached XP level 4. HP: 33/42 MP: 3/3
  1533 | D:3      | Reached XP level 5. HP: 37/48 MP: 4/4
  1536 | D:3      | Killed Ijyb
  1833 | D:3      | Noticed Terence
  1845 | D:3      | Killed Terence
  1845 | D:3      | Reached XP level 6. HP: 47/56 MP: 5/5
  1858 | D:3      | Noticed Jessica
  1863 | D:3      | Killed Jessica
  2252 | D:4      | Reached *** piety under Trog
  2259 | D:4      | Reached skill level 6 in Axes
  2316 | D:4      | Reached XP level 7. HP: 60/61 MP: 6/6
  2375 | D:4      | Found the amulet of the Air {Inacc +Fly rElec EV+5 RMsl}
  2428 | D:4      | Reached skill level 5 in Armour
  2484 | D:4      | Found Vaeck's General Store.
  3090 | D:5      | Entered Level 5 of the Dungeon
  3090 | D:5      | Found a staircase to the Ecumenical Temple.
  3412 | D:5      | Noticed Eustachio
  3421 | D:5      | Killed Eustachio
  3421 | D:5      | Reached skill level 7 in Axes
  3470 | D:5      | Reached XP level 8. HP: 62/70 MP: 7/7
  3754 | D:5      | Reached skill level 1 in Stealth
  4506 | D:6      | Reached skill level 8 in Axes
  4736 | D:6      | Found a sand-covered staircase.
  4745 | Ossuary  | Entered an ossuary
  4996 | Ossuary  | Reached **** piety under Trog
  5079 | Ossuary  | Reached skill level 9 in Axes
  5097 | Ossuary  | Reached XP level 9. HP: 78/79 MP: 8/8
  5594 | D:7      | Got a bloodstained trident
  5595 | D:7      | Identified the +6 trident of Hubris {venom, +Rage rElec
                  | Str+3 Dex-3} (You found it on level 7 of the Dungeon)
  5783 | D:7      | Reached ***** piety under Trog
  5783 | D:7      | Reached skill level 1 in Shields
  5901 | D:7      | Reached skill level 10 in Axes
  6485 | D:8      | Found a staircase to the Lair.
  6593 | D:8      | Found a sacrificial altar of Ru.
  6627 | D:8      | Found a transporter.
  6678 | D:8      | Noticed bjornmisha's ghost (novice MiFi)
  6694 | D:8      | Found a transporter.
  6716 | D:8      | Noticed a two-headed ogre
  6741 | D:8      | Killed a two-headed ogre
  6741 | D:8      | Reached XP level 10. HP: 32/90 MP: 9/9
  6968 | D:8      | Got a dazzling hand axe
  6969 | D:8      | Identified the cursed +1 hand axe of Xodaeg {chop, rPois}
                  | (You found it on level 8 of the Dungeon)
  7189 | D:8      | Gained mutation: You are robust. (+10% HP) [potion of
                  | mutation]
  7189 | D:8      | Gained mutation: You are surrounded by a mild repulsion
                  | field. (EV +2) [potion of mutation]
  7189 | D:8      | Gained mutation: You are partially covered in thin metallic
                  | scales. (AC +2) [potion of mutation]
  7551 | D:8      | Reached skill level 5 in Dodging
  7554 | D:8      | Reached skill level 5 in Shields
  7559 | D:8      | Killed bjornmisha's ghost
  7559 | D:8      | Reached skill level 11 in Axes
  7802 | D:9      | Found a basalt altar of Yredelemnul.
  7824 | D:9      | Noticed a two-headed ogre
  7833 | D:9      | Killed a two-headed ogre
  7971 | D:9      | Reached skill level 10 in Armour
  8009 | D:9      | Found a glowing silver altar of Zin.
  8103 | D:9      | Found a burning altar of Makhleb.
  8103 | D:9      | Found a glowing golden altar of the Shining One.
  8103 | D:9      | Found a shimmering altar of Xom.
  8104 | D:9      | Found an ornate altar of the Wu Jian Council.
  8105 | D:9      | Found a shadowy altar of Dithmenos.
  8106 | D:9      | Found a hide-covered altar of Uskayaw.
  8107 | D:9      | Found a hazy altar of Hepliaklqana.
  8108 | D:9      | Found a deep blue altar of Sif Muna.
  8134 | D:10     | Entered Level 10 of the Dungeon
  8140 | D:10     | Received a gift from Trog
  8263 | D:10     | Identified a scroll of acquirement
  8318 | D:10     | Received a gift from Trog
  8349 | D:10     | Reached skill level 12 in Axes
  8350 | D:10     | Reached XP level 11. HP: 106/106 MP: 10/10
  8544 | D:10     | Noticed a brown ugly thing
  8567 | D:10     | Killed a brown ugly thing
  8912 | D:11     | Found a runed door.
  8912 | D:11     | Noticed a sixfirhy
  8914 | D:11     | Noticed a cyan ugly thing
  8942 | D:11     | Killed a cyan ugly thing
  9012 | D:11     | Noticed Sonja
  9033 | D:11     | Killed Sonja
  9359 | D:11     | Noticed a two-headed ogre
  9370 | D:11     | Killed a two-headed ogre
  9370 | D:11     | Reached skill level 13 in Axes
  9656 | D:11     | Noticed Gastronok
  9667 | D:11     | Killed Gastronok
  9667 | D:11     | Reached skill level 10 in Fighting
  9667 | D:11     | Reached skill level 10 in Shields
  9714 | D:11     | Noticed a white ugly thing
  9730 | D:11     | Killed a white ugly thing
 10039 | D:11     | You fall through a shaft for 2 floors!
 10041 | D:13     | Noticed a deep elf mage
 10049 | D:13     | Killed a deep elf mage
 10049 | D:13     | Reached XP level 12. HP: 116/116 MP: 11/11
 10056 | D:13     | Found a gate to the Vaults.
 10056 | D:13     | Noticed a vault guard
 10056 | D:13     | Noticed a vault guard
 10056 | D:13     | Noticed a vault guard
 10056 | D:13     | Noticed a vault guard
 10076 | D:13     | Killed a vault guard
 10079 | D:13     | Reached skill level 14 in Axes
 10097 | D:13     | Killed a vault guard
 10119 | D:13     | Killed a vault guard
 10123 | D:13     | Killed a vault guard
 10519 | D:11     | Noticed Fannar
 10541 | D:11     | Killed Fannar
 10734 | D:12     | Noticed a six-headed hydra
 10748 | D:12     | Killed a one-headed hydra
 11071 | D:12     | Found Othoin's Magic Scroll Shoppe.
 11093 | D:12     | Reached skill level 15 in Axes
 11396 | D:12     | Found a staircase to the Orcish Mines.
 11407 | D:12     | Found a roughly hewn altar of Beogh.
 11419 | D:12     | Received a gift from Trog
 11496 | D:13     | Noticed a two-headed ogre
 11496 | D:13     | Noticed a four-headed hydra
 11509 | D:13     | Killed a one-headed hydra
 11517 | D:13     | Killed a two-headed ogre
 11533 | D:13     | Found Sibles's Weapon Shoppe.
 11745 | D:13     | Noticed a centaur warrior
 11765 | D:13     | Killed a centaur warrior
 11765 | D:13     | Reached XP level 13. HP: 117/127 MP: 12/12
 12433 | D:14     | Reached skill level 16 in Axes
 12442 | D:14     | Noticed Frances
 12464 | D:14     | Killed Frances
 12859 | D:15     | Entered Level 15 of the Dungeon
 12873 | D:15     | Found a labyrinth entrance.
 12879 | D:15     | Received a gift from Trog
 12902 | D:15     | Noticed Azrael
 12912 | D:15     | Killed Azrael
 12931 | D:15     | Found Ezaezxi's Antique Weapon Shop.
 12948 | Lab      | Entered a labyrinth
 13098 | Lab      | Noticed a minotaur
 13100 | Lab      | Identified the Incunabulum of the Clam
 13115 | Lab      | Killed a minotaur
 13196 | Lab      | Found an exit through the horrors of the Abyss.
 13251 | Lab      | Got a pitted flail
 13252 | Lab      | Identified the +2 flail of the Beast {crush, +Inv rPois rF+
                  | rN+} (You found it in a labyrinth)
 13340 | D:15     | Found a shadowy altar of Dithmenos.
 13397 | D:15     | Reached skill level 17 in Axes
 13428 | D:15     | Reached XP level 14. HP: 100/139 MP: 13/13
 13429 | D:15     | Noticed Roxanne
 13650 | D:15     | Found a staircase to the Depths.
 13699 | D:15     | Found the +7 mace of Variability {chain chaos}
 13701 | D:15     | Found a shimmering altar of Xom.
 13755 | D:15     | Got a slimy copper amulet
 13757 | D:15     | Identified the amulet "Ubbo" {+Rage rF+} (You found it on
                  | level 15 of the Dungeon)
 14142 | Lair:1   | Entered Level 1 of the Lair of Beasts
 14407 | Lair:1   | Found a runed gate.
 14407 | Lair:1   | Found a runed gate.
 14408 | Lair:1   | Found a runed gate.
 14409 | Lair:1   | Noticed Alaguw's ghost (journeyman MiFi)
 15771 | Lair:3   | Received a gift from Trog
 16327 | Lair:3   | Found a hole to the Spider Nest.
 16562 | Lair:3   | Found a staircase to the Shoals.
 16807 | Lair:4   | Noticed Kirke
 16823 | Lair:4   | Killed Kirke
 16823 | Lair:4   | Received a gift from Trog
 16902 | Lair:4   | Reached skill level 15 in Shields
 17459 | Lair:5   | Reached skill level 18 in Axes
 17478 | Lair:5   | Noticed Snorg
 17489 | Lair:5   | Killed Snorg
 17556 | Lair:5   | Found a viscous altar of Jiyva.
 17556 | Lair:5   | Found a staircase to the Slime Pits.
 18238 | Lair:5   | Got a crude copper ring
 18249 | Lair:5   | Identified the ring "Zuqaod" {rF++ rC+ Str+2} (You found it
                  | on level 5 of the Lair of Beasts)
 18475 | Lair:6   | Entered Level 6 of the Lair of Beasts
 18589 | Lair:6   | Reached XP level 15. HP: 149/149 MP: 14/14
 19120 | Lair:6   | Reached ****** piety under Trog
 19215 | Lair:6   | Received a gift from Trog
 19223 | Lair:6   | Got a blackened battleaxe {god gift}
 19229 | Lair:6   | Identified the +7 battleaxe of Ziownal {chop, rPois Int+2}
                  | (Trog gifted it to you on level 6 of the Lair of Beasts)
 19752 | Depths:1 | Entered Level 1 of the Depths
 19752 | Depths:1 | Noticed Asterion
 19771 | Depths:1 | Killed Asterion
 20004 | Depths:1 | Noticed a frost giant
 20020 | D:15     | Killed a frost giant
 20202 | Depths:1 | Paralysed by an ogre mage for 5 turns
 20456 | Depths:1 | Found a runed door.
 20456 | Depths:1 | Noticed zuik's ghost (adept HOFi)
 20497 | Depths:1 | Noticed a fire giant
 20508 | Depths:1 | Killed a fire giant
 20638 | Depths:1 | Reached skill level 19 in Axes
 20807 | Depths:1 | Reached XP level 16. HP: 154/161 MP: 15/15
 20901 | Depths:1 | Found a gateway to Hell.
 20950 | Depths:1 | Found a one-way gate to the infinite horrors of the Abyss.
 20982 | Depths:1 | Found a shattered altar of Ashenzari.
 21257 | Depths:2 | Received a gift from Trog
 21258 | Depths:2 | Reached skill level 15 in Fighting
 21342 | Depths:2 | Noticed Nikola
 21356 | Depths:2 | Killed Nikola
 22260 | Depths:2 | HP: 5/163 [vampire mage (illusionary)/bolt of negative
                  | energy (17)]
 22739 | Depths:2 | Found a gateway to a ziggurat.
 22945 | Depths:2 | Noticed a tengu reaver
 23359 | Depths:2 | Noticed a lich
 23368 | Depths:2 | Killed a lich
 23389 | Depths:2 | Received a gift from Trog
 23750 | Depths:2 | Got a brightly glowing hat
 23761 | Depths:2 | Identified the +1 hat of the Imp {Int+9} (You acquired it
                  | on level 2 of the Depths)
 23786 | Depths:2 | Reached XP level 17. HP: 143/173 MP: 5/16
 23866 | Depths:2 | Reached skill level 20 in Axes
 24367 | Depths:3 | Found Ucwumid's Assorted Antiques.
 24383 | Depths:3 | Found Qyticipp's Gadget Emporium.
 24384 | Depths:3 | Bought a scroll of enchant armour for 397 gold pieces
 24394 | Depths:3 | Found Hoah Jat's Magic Scroll Emporium.
 24424 | Depths:3 | Bought a scroll of enchant weapon for 90 gold pieces
 24424 | Depths:3 | Bought a scroll of enchant weapon for 90 gold pieces
 24573 | Depths:3 | Noticed Jory
 24579 | Depths:3 | Noticed Xtahua
 24680 | Depths:3 | Killed from afar by Jory

Skill      XL: |  1  2  3  4  5  6  7  8  9 10 11 12 13 14 15 16 17 |
---------------+----------------------------------------------------+-----
Axes           | 4 5 6 7 9 10 12 13 15 17 18 19 20 | 20.3
Fighting       | 4 5 6 7 8 9 10 11 12 13 14 16 | 16.6
Throwing       | 1 2 3 |  3.3
Armour         | 3 4 6 7 9 10 11 12 13 14 | 14.4
Dodging        | 3 4 5 |  5.4
Stealth        | 1 2 3 |  3.3
Shields        | 4 7 10 12 13 15 17 19 | 19.3
Evocations     | |  0.3

Action                   |  1- 3 |  4- 6 |  7- 9 | 10-12 | 13-15 | 16-18 || total
-------------------------+-------+-------+-------+-------+-------+-------++-------
Melee: Hand axe          |    66 |    60 |   416 |    95 |    19 |       ||   656
       Headbutt          |     9 |    17 |   110 |   173 |   306 |   183 ||   798
       War axe           |       |       |    46 |     9 |    24 |       ||    79
       Broad axe         |       |       |       |   577 |   971 |   474 ||  2022
Throw: Stone             |    18 |     5 |     2 |       |       |       ||    25
       Tomahawk          |       |       |     2 |    11 |       |       ||    13
       Javelin           |       |       |       |       |    18 |       ||    18
Invok: Berserk           |     2 |     1 |     6 |     9 |    10 |     6 ||    34
       Trog's Hand       |       |       |       |     5 |     6 |     6 ||    17
Evoke: Wand              |       |       |       |       |       |     1 ||     1
  Use: Scroll            |     2 |     8 |     9 |    14 |     8 |    11 ||    52
       Potion            |       |       |       |     9 |     1 |     3 ||    13
 Stab: Paralysed         |       |       |     2 |       |       |       ||     2
       Distracted        |       |       |       |     1 |       |       ||     1
       Petrified         |       |       |       |       |     7 |       ||     7
       Petrifying        |       |       |       |       |     3 |       ||     3
  Eat: Chunk             |     3 |     4 |    15 |    17 |    24 |     6 ||    69
       Ration            |       |       |     1 |     4 |     5 |     4 ||    14
Armor: Robe              |     2 |       |       |       |       |       ||     2
       Animal skin       |     1 |       |       |       |       |       ||     1
       Ring mail         |    11 |    22 |    42 |       |       |       ||    75
       Plate armour      |       |       |   125 |   177 |       |       ||   302
       Crystal plate arm |       |       |       |   110 |   380 |   229 ||   719
Dodge: Dodged            |    48 |    48 |   230 |   124 |   180 |   131 ||   761
       Deflected         |       |       |     2 |       |       |       ||     2
Block: Large shield      |       |       |    88 |   622 |  1183 |   369 ||  2262
       Reflection        |       |       |       |       |     1 |    27 ||    28
       Other             |       |       |       |       |       |    14 ||    14
